 Dungeon Crawl Stone Soup version 0.31-a0-844-gdc52ec4e09 (webtiles) character file.

Game seed: 14145196442725643306

213 ScrombusTheWizard the Conjurer (level 5, 0/38 HPs)
             Began as a Draconian Conjurer on Sept 30, 2023.
             Slain by a gnoll sergeant
             ... wielding a +0 spear
              (7 damage)
             ... on level 4 of the Dungeon.
             The game lasted 00:12:52 (3482 turns).

ScrombusTheWizard the Conjurer (Draconian Conjurer) Turns: 3482, Time: 00:12:53

Health: 0/38       AC:  6    Str:  5    XL:     5   Next: 59%
Magic:  0/8        EV: 12    Int: 25    God:
Gold:   119        SH:  0    Dex:  9    Spells: 1/8 levels left

rFire   . . .        b - +1 short sword (drain)
rCold   . . .        (no shield)
rNeg    . . .        (body armour unavailable)
rPois   .            (helmet restricted)
rElec   .            (no cloak)
rCorr   .            (no gloves)
SInv    .            o - +0 pair of boots of Dithmenos's Reproof {Rampage Fly Str-5 Int+5}
Will    .....        (no amulet)
Stlth   ++           (no ring)
HPRegen 0.26/turn    (no ring)
MPRegen 0.11/turn

%: rampage
@: flying
A: AC +5, unfitting armour, cold-blooded
a: no special abilities


You were on level 4 of the Dungeon.
You visited 1 branch of the dungeon, and saw 4 of its levels.

You collected 255 gold pieces.
You spent 136 gold pieces at shops.

Inventory:

Hand Weapons
 b - a +1 short sword of draining (weapon)
Missiles
 h - 2 throwing nets
Armour
 o - the +0 pair of boots of Dithmenos's Reproof (worn) {Rampage Fly Str-5 Int+5}
   (You bought it in a shop on level 3 of the Dungeon)

   Str-5:     It affects your strength (-5).
   Int+5:     It affects your intelligence (+5).
   Fly:       It grants you flight.
   Rampage:   It bestows one free step when moving towards enemies.
Scrolls
 g - a scroll of fear {unknown}
 i - 2 scrolls of vulnerability
 k - a scroll of identify
Potions
 c - a potion of curing
 d - 2 potions of ambrosia {unknown}
 e - a potion of mutation
 f - a potion of enlightenment {unknown}
 j - 3 potions of brilliance {unknown}


   Skills:
 - Level 1.7 Dodging
 * Level 3.7 Stealth
 - Level 2.0 Spellcasting
 - Level 6.0 Conjurations


You had one spell level left.
You knew the following spells:

 Your Spells              Type           Power      Damage    Failure   Level
a - Magic Dart            Conj           100%       1d8       1%          1
b - Searing Ray           Conj           64%        2d6       1%          2
c - Fulminant Prism       Conj/Hex       8%         3d7       32%         4

Your spell library contained the following spells:

 Spells                   Type           Power      Damage    Failure   Level
 Momentum Strike          Conj/Tloc      34%        3d8       4%          2
 Dazzling Flash           Conj/Hex       34%        N/A       10%         3
 Blink                    Tloc           4%         N/A       17%         2
 Lesser Beckoning         Tloc           4%         N/A       17%         2
 Iskenderun's Mystic Bla  Conj/Tloc      17%        2d5       32%         4


Dungeon Overview and Level Annotations

Branches:
Dungeon (4/15)
 Temple: D:4-7

Altars:
Elyvilon
Okawaru
Uskayaw

Shops:
D:3 [

Annotations:
D:4 2 transporters, Blork the orc; Vorhees's ghost, amateur DjWr


Innate Abilities, Weirdness & Mutations

Your plain brown scales are hard. (AC +5)
You cannot fit into any form of body armour.
You are cold-blooded and may be slowed by cold attacks.


Message History

Aim: a gnoll sergeant, wielding a +0 spear and wearing a +0 ring mail (moderately wounded, 86% to hit)
The searing ray hits the gnoll sergeant.
The gnoll sergeant is heavily wounded. (Press . to maintain the ray.)
You hear a shout!
The gnoll sergeant hits you but does no damage.
The searing ray hits the gnoll sergeant.
The gnoll sergeant is severely wounded.
The gnoll sergeant completely misses you.
The searing ray misses the gnoll sergeant.
The searing ray hits the gnoll.
You kill the gnoll!
The gnoll sergeant hits you from afar with a +0 spear!
* * * LOW HITPOINT WARNING * * *
The searing ray hits the gnoll sergeant but does no damage.
The gnoll sergeant is severely wounded.
You finish channelling your searing ray.
The gnoll sergeant barely misses you.
You feel better. The gnoll sergeant closely misses you.
Casting: Searing Ray (safe; 1% risk of failure)
Confirm with . or Enter, or press ? or * to list all spells.
Aiming: Searing Ray (safe; 1% risk of failure)
Press: ? - help, Shift-Dir - straight line, f - gnoll, p - gnoll sergeant
Aim: a gnoll, wielding a +1 vampiric spear (almost dead, 83% to hit)
The searing ray hits the gnoll sergeant!
The gnoll sergeant is almost dead.
The searing ray hits the gnoll.
You kill the gnoll! (Press . to maintain the ray.)
The gnoll sergeant hits you but does no damage.
A gnoll comes into view. It is wielding a +0 heavy flail.
The searing ray hits the gnoll sergeant but does no damage.
The gnoll sergeant is almost dead.
The searing ray hits the gnoll.
The gnoll is moderately wounded.
The gnoll sergeant hits you from afar with a +0 spear!
* * * LOW HITPOINT WARNING * * *
Without enough magic to sustain it, your searing ray dissipates.
The gnoll sergeant hits you from afar with a +0 spear!
You die...

#...###.#######
##............#
8#..#.#######.# S#..#.#
#.############# g#..#.#
####..#..........#
%#©...#
#.....#.#####....#
.#..###
#........####....# .#..#
#.....#.....#....# 8#..#
#.....#@###..#+#########
#######.# ##.#..........
#...g.#g# #...#..)#####
#.###.#g# ###...#.# ##
#.# #.).# ###...## #.
#g# ##### #....###. #g#
#.#...... #.# #.#.####.
#o# ..#.# #.


You could see a gnoll sergeant and a gnoll.

Vanquished Creatures
  An orc priest (D:3)
  Terence (D:3)
  6 gnolls
  3 adders
  A worm (D:2)
  A dart slug (D:2)
  4 orcs (D:3)
  6 endoplasms
  3 giant cockroaches
  5 goblins
  11 hobgoblins
  2 jackals (D:2)
  2 quokkas
  2 ball pythons
  A bat (D:2)
  2 frilled lizards (D:2)
  6 kobolds
  7 rats
64 creatures vanquished.

Notes
Turn   | Place    | Note
-------+----------+-------------------------------------------
     0 | D:1      | ScrombusTheWizard the Draconian Conjurer began the quest
                  | for the Orb.
     0 | D:1      | Reached XP level 1. HP: 14/14 MP: 3/3
   513 | D:1      | Reached XP level 2. HP: 20/20 MP: 1/5
   517 | D:1      | Learned a level 2 spell: Searing Ray
  1079 | D:2      | Reached XP level 3. HP: 26/26 MP: 2/6
  1339 | D:2      | Found a faded altar of an unknown god.
  1722 | D:3      | Noticed Terence
  1729 | D:3      | Killed Terence
  1730 | D:3      | Reached skill level 5 in Conjurations
  1796 | D:3      | Reached XP level 4. HP: 16/33 MP: 2/7
  1891 | D:3      | Learned a level 4 spell: Fulminant Prism
  1917 | D:3      | Found an iron altar of Okawaru.
  2259 | D:3      | Found Relycil's Armour Boutique.
  2269 | D:3      | Bought the +0 pair of boots of Dithmenos's Reproof {Rampage
                  | Fly Str-5 Int+5} for 136 gold pieces
  2303 | D:3      | Reached XP level 5. HP: 38/38 MP: 5/8
  2308 | D:3      | Reached skill level 6 in Conjurations
  2561 | D:3      | Found a white marble altar of Elyvilon.
  2562 | D:3      | Found a hide-covered altar of Uskayaw.
  3227 | D:4      | Found a transporter.
  3227 | D:4      | Noticed Vorhees's ghost (amateur DjWr)
  3228 | D:4      | Found a transporter.
  3448 | D:4      | Noticed Blork the orc
  3477 | D:4      | HP: 1/38 [gnoll sergeant/+0 spear (10)]
  3482 | D:4      | Slain by a gnoll sergeant

Illustrated notes

Levels and vault maps discovered:
D:1:      grunt_arrival_crossed_arrows, layout_loops_ring
D:2:      layout_basic, ebering_ecumenical_altar_sacrificial
D:3:      layout_basic, okawaru_metal_pillars_1_2,
          nicolae_overflow_two_pavilions, serial_shops, shop_coins, uniq_terence
D:4:      layout_basic, cheibrodos_sewer_entry_bend, gammafunk_ghost_arena,
          minmay_ruptured, uniq_blork_the_orc

Skill      XL: |  1  2  3  4  5 |
---------------+----------------+-----
Stealth        | 2 3 |  3.7
Conjurations   | 5 6 |  6.0
Dodging        | |  1.7
Spellcasting   | |  2.0

Action                     |  1- 3 |  4- 6 || total
---------------------------+-------+-------++-------
  Melee: Dagger            |    11 |       ||    11
         Punch             |     2 |       ||     2
         Short sword       |    29 |     5 ||    34
   Cast: Magic Dart        |    52 |    46 ||    98
         Searing Ray       |     3 |     6 ||     9
    Use: Scroll            |     3 |     8 ||    11
         Potion            |       |     4 ||     4
 Armour: Skin              |    22 |    17 ||    39
  Dodge: Dodged            |    23 |    10 ||    33

Table legend: (Time is in decaauts)
 A = Elapsed time spent in this place.
 B = Non-inter-level travel time spent in this place.
 C = Inter-level travel time spent in this place.
 D = Time resting spent in this place.
 E = Time spent auto-exploring this place.
 F = Levels seen in this place.
 G = Mean time per level.
                   A        B        C        D        E       F      G
               +--------+--------+--------+--------+--------+-----+--------+
         Total |   3480 |   3384 |     96 |     97 |   2889 |   4 |  870.0 |
       Dungeon |   3480 |   3384 |     96 |     97 |   2889 |   4 |  870.0 |
               +--------+--------+--------+--------+--------+-----+--------+

Top non-repeatable levels by time:
     D:3: 1437 daAuts
     D:2: 1009 daAuts
     D:1: 703 daAuts
     D:4: 329 daAuts
